 Dungeon Crawl Stone Soup version 0.26.1-12-g5ba1501909 (webtiles) character file.

Game seed: 12196594915144639950

166 CoveEight the Sneak (level 5, -2/39 HPs)
             Began as a Vampire Brigand on Nov 18, 2021.
             Slain by Grinder (6 damage)
             ... on level 3 of the Dungeon.
             The game lasted 00:02:15 (2056 turns).

CoveEight the Sneak (Vampire Brigand)               Turns: 2056, Time: 00:02:16

Health: -2/39      AC:  3    Str: 10    XL:     5   Next: 22%
Magic:  5/5        EV: 13    Int: 13    God:
Gold:   104        SH:  5    Dex: 17    Spells: 4/4 levels left

rFire    . . .     SeeInvis +   a - +2 dagger (freeze)
rCold    . . .     Faith    .   (no shield)
rNeg     . . .     Spirit   .   b - +0 robe
rPois    .         Reflect  +   (no helmet)
rElec    .         Harm     .   c - +0 cloak
rCorr    .         Rampage  .   (no gloves)
Will     .....                  (no boots)
Stlth    ++++......             j - amulet of reflection
HPRegen  0.33/turn              (no ring)
MPRegen  0.09/turn              (no ring)

@: regenerating quickly
A: fangs 3, see invisible, unbreathing
a: Exsanguinate


You were on level 3 of the Dungeon.
You visited 1 branch of the dungeon, and saw 3 of its levels.

You collected 104 gold pieces.

Inventory:

Hand Weapons
 a - a +2 dagger of freezing (weapon)
Missiles
 d - 19 poisoned darts (quivered)
 e - 2 curare-tipped darts
Armour
 b - a +0 robe (worn)
 c - a +0 cloak (worn)
Jewellery
 j - an amulet of reflection (around neck)
 t - an uncursed ring of fire {unknown}
Scrolls
 g - 6 scrolls of identify {unknown}
 k - 3 scrolls of immolation {unknown}
 l - a scroll of enchant weapon {unknown}
 o - a scroll of amnesia {unknown}
 p - a scroll of remove curse {unknown}
 q - a scroll of enchant armour {unknown}
 r - a scroll of teleportation {unknown}
 s - a scroll of fog {unknown}
 u - a scroll of magic mapping {unknown}
Potions
 f - a potion of degeneration {unknown}
 h - a potion of cancellation {unknown}
 i - a potion of brilliance {unknown}
 m - a potion of invisibility {unknown}
 n - a potion of haste {unknown}


   Skills:
 + Level 2.4 Fighting
 * Level 3.6 Short Blades
 * Level 2.5 Throwing
 + Level 2.0 Dodging
 * Level 7.1 Stealth


You had 4 spell levels left.
You didn't know any spells.
Your spell library was empty.

Dungeon Overview and Level Annotations

Branches:
Dungeon (3/15)

Altars:
Vehumet
Yredelemnul

Annotations:
D:3 Grinder


Innate Abilities, Weirdness & Mutations

Your natural rate of healing is unusually fast.
You have razor-sharp teeth.
You have supernaturally acute eyesight. (SInv)
You can survive without breathing.


Message History

Grinder hits you!
You writhe in agony.
You hit Grinder. You bite Grinder.
Grinder is almost dead.
You closely miss Grinder. You bite Grinder, but do no damage.
Grinder is almost dead.
Grinder gestures at you. You resist with significant effort.
You barely miss Grinder.
Grinder is almost dead.
Grinder hits you!
You writhe in agony.
* * * LOW HITPOINT WARNING * * *
You hit Grinder but do no damage.
Grinder is almost dead.
Grinder closely misses you.
You hit Grinder but do no damage.
Grinder is almost dead.
Grinder hits you.
* * * LOW HITPOINT WARNING * * *
You writhe in agony.
You die...

#....# ##.#. #....# #..#. #....#
#.### ##....######## #.###
.'....'....... #....
##....###########################
.................................
#################################
#.......@5...... .
#.############## # #.# #.#
#.#######################
#........................
#########################


You could see Grinder.

Vanquished Creatures
  A bullfrog (D:3)
  3 adders
  2 oozes (D:1)
  3 worms
  2 dart slugs
  2 leopard geckos
  5 orcs (D:3)
  2 ball pythons (D:2)
  11 bats
  2 giant cockroaches
  6 goblins
  6 hobgoblins
  4 kobolds
  A quokka (D:2)
  2 frilled lizards (D:3)
  6 rats
58 creatures vanquished.

Notes
Turn   | Place    | Note
-------+----------+-------------------------------------------
     0 | D:1      | CoveEight the Vampire Brigand began the quest for the Orb.
     0 | D:1      | Reached XP level 1. HP: 16/16 MP: 1/1
   211 | D:1      | Reached skill level 6 in Stealth
   248 | D:1      | Reached XP level 2. HP: 21/22 MP: 2/2
   665 | D:1      | Reached XP level 3. HP: 27/27 MP: 3/3
  1115 | D:3      | Reached XP level 4. HP: 33/33 MP: 4/4
  1132 | D:3      | Found a basalt altar of Yredelemnul.
  1135 | D:3      | Noticed a bullfrog
  1141 | D:3      | Killed a bullfrog
  1204 | D:3      | Reached XP level 5. HP: 39/39 MP: 5/5
  1254 | D:3      | Found a radiant altar of Vehumet.
  1263 | D:3      | Reached skill level 7 in Stealth
  1545 | D:3      | Noticed Grinder
  2056 | D:3      | Slain by Grinder

Illustrated notes

Levels and vault maps discovered:
D:1:      wander_arrival_peaceful_grave, layout_basic, serial_glass,
          glass_columns_b, glass_columns_a, glass_columns_a, glass_columns_a,
          glass_columns_a, glass_columns_a, chequers_serial_rivers_micro_c
D:2:      layout_rooms
D:3:      layout_basic, vehumet_crystals, marbit_many_paths,
          nicolae_overflow_crystal_walls, uniq_grinder

Skill      XL: |  1  2  3  4  5 |
---------------+----------------+-----
Stealth        | 6 7 |  7.1
Fighting       | 2 |  2.4
Throwing       | 2 |  2.5
Short Blades   | 3 |  3.6
Dodging        | 2 |  2.0

Action                   |  1- 3 |  4- 6 || total
-------------------------+-------+-------++-------
Melee: Dagger            |    76 |    79 ||   155
       Bite              |     4 |     6 ||    10
 Stab: Sleeping          |    12 |     3 ||    15
       Distracted        |       |     1 ||     1
Armor: Robe              |     9 |     6 ||    15
Dodge: Dodged            |    37 |    45 ||    82
Block: Other             |     4 |    13 ||    17
